 Dungeon Crawl Stone Soup version 0.28.0 (webtiles) character file.

Game seed: 10282375629462769423

6 crazypyro the Chopper (level 1, -1/20 HPs)
             Began as a Hill Orc Berserker on Feb 10, 2022.
             Was a Follower of Trog.
             Slain by a ball python (2 damage)
             ... on level 1 of the Dungeon.
             The game lasted 00:00:14 (92 turns).

crazypyro the Chopper (Hill Orc Berserker)            Turns: 92, Time: 00:00:15

Health: -1/20      AC:  2    Str: 19    XL:     1   Next: 90%
Magic:  1/1        EV:  9    Int:  7    God:    Trog [*.....]
Gold:   12         SH:  0    Dex: 10    Spells: 0/0 levels left

rFire   . . .      SeeInvis .   a - +0 hand axe
rCold   . . .      Faith    .   (no shield)
rNeg    . . .      Spirit   .   b - +0 animal skin
rPois   .          Reflect  .   (no helmet)
rElec   .          Harm     .   (no cloak)
rCorr   .          Rampage  .   (no gloves)
Will    .....                   (no boots)
Stlth   +.........              (no amulet)
HPRegen 0.06/turn               (no ring)
MPRegen 0.07/turn               (no ring)

@: constricted
A: no striking features
a: Renounce Religion, Berserk


You were on level 1 of the Dungeon.
You worshipped Trog.
Trog was aware of your devotion.
You visited 1 branch of the dungeon, and saw 1 of its levels.

You collected 12 gold pieces.

Inventory:

Hand Weapons
 a - a +0 hand axe (weapon)
Armour
 b - a +0 animal skin (worn)


   Skills:
 - Level 3.6 Fighting
 * Level 4.4 Axes
 - Level 2.2 Armour
 - Level 1.6 Dodging


You couldn't memorise any spells.
You didn't know any spells.
Your spell library was empty.

Dungeon Overview and Level Annotations

Branches:
Dungeon (1/15)

Altars:


Message History

The ball python barely misses you. The ball python constricts you.
The ball python bites you. The ball python constricts you.
The ball python bites you.
You closely miss the ball python.
The ball python is heavily wounded.
You hit the ball python. The ball python barely misses you.
The ball python constricts you. The ball python bites you.
You are too injured to fight recklessly!
You are too injured to fight recklessly!
You barely miss the ball python.
The ball python is heavily wounded.
You hit the ball python but do no damage.
The ball python closely misses you. The ball python constricts you.
The ball python bites you.
* * * LOW HITPOINT WARNING * * *
You closely miss the ball python.
The ball python is heavily wounded.
You barely miss the ball python. The ball python bites you.
* * * LOW HITPOINT WARNING * * *
The ball python constricts you.
* * * LOW HITPOINT WARNING * * *
The ball python misses you. The ball python bites you.
* * * LOW HITPOINT WARNING * * *
The ball python constricts you.
* * * LOW HITPOINT WARNING * * *
The ball python barely misses you.
You closely miss the ball python.
The ball python is heavily wounded.
You hit the ball python.
You kill the ball python!
Trog accepts your kill.
The ball python bites you but does no damage.
The ball python constricts you.
You barely miss the ball python.
The ball python is heavily wounded.
The ball python misses you. The ball python constricts you.
You closely miss the ball python.
The ball python is heavily wounded.
The ball python bites you.
You die...

....##
#######+#.#.#
#####.... 8##.#
#..........#.
#........ .##.#
#..........$
#.####### ....#
#..........#####.#
.....
.................#
#####
.........(.#######
..................
..............####
......S@†.....#
..............#
.................
..............>..
.....^##.........
...... #.........
...... #......###
...$.. ##.>...


You could see a ball python.

Vanquished Creatures
  2 ball pythons (D:1)
  An endoplasm (D:1)
  A bat (D:1)
  A goblin (D:1)
  A rat (D:1)
6 creatures vanquished.

Notes
Turn   | Place    | Note
-------+----------+-------------------------------------------
     0 | D:1      | crazypyro the Hill Orc Berserker began the quest for the
                  | Orb.
     0 | D:1      | Reached XP level 1. HP: 19/19 MP: 1/1
    89 | D:1      | HP: 1/20 [constriction (1)]
    92 | D:1      | Slain by a ball python

Illustrated notes

Levels and vault maps discovered:
D:1:      scummos_arrival_simple_crosswalls, layout_basic,
          shapermc_ecumenical_altar_totnotflames, chequers_arboretum,
          minmay_crystal_water

Action                   || total
-------------------------++-------
Melee: Hand axe          ||    18
 Stab: Sleeping          ||     1
Armor: Animal skin       ||     5
Dodge: Dodged            ||    17
